 Dungeon Crawl Stone Soup version 0.22-a0-848-ge9e22a0 (webtiles) character file.

13069 Kuinu the Fighter (level 11, -11/107 HPs)
             Began as a Minotaur Fighter on July 26, 2018.
             Was an Elder of Trog.
             Killed from afar by Nergalle (35 damage)
             ... with a bolt of negative energy
             ... on level 12 of the Dungeon.
             The game lasted 00:25:44 (10632 turns).

Kuinu the Fighter (Minotaur Fighter)               Turns: 10632, Time: 00:25:45

Health: -11/107    AC: 18    Str: 24    XL:     11   Next: 70%
Magic:  1/10       EV:  6    Int:  3    God:    Trog [****..]
Gold:   566        SH: 12    Dex: 10    Spells: 10/10 levels left

rFire    . . .     SeeInvis .   a - +0 war axe
rCold    . . .     Gourm    .   c - +0 shield
rNeg     . . .     Faith    .   j - +0 plate armour
rPois    +         Spirit   .   (helmet restricted)
rElec    .         Reflect  .   B - +2 cloak
rCorr    .         Harm     .   P - +0 pair of gloves
MR       .....     Rnd*Tele +   (no boots)
Stlth    ..........             (no amulet)
HPRegen  0.27/turn              r - ring of poison resistance
MPRegen  0.12/turn              A - ring of teleportation (curse)

@: drained
A: retaliatory headbutt, fangs 1, horns 2, dopey 1, mutation resistance 1
a: Berserk, Trog's Hand, Brothers in Arms, Renounce Religion


You were on level 12 of the Dungeon.
You worshipped Trog.
Trog was greatly pleased with you.
You were not hungry.

You visited 2 branches of the dungeon, and saw 13 of its levels.

You collected 654 gold pieces.
You spent 88 gold pieces at shops.

Inventory:

Hand Weapons
 a - a +0 war axe (weapon)
 H - a +0 halberd
 J - a cursed -2 glaive
Armour
 b - a +0 scale mail
 c - a +0 shield (worn)
 d - a +0 cloak
 j - a +0 plate armour (worn)
 k - a +0 scale mail
 m - a +2 robe of cold resistance
 s - a +0 chain mail
 v - a cursed +0 cloak
 B - a +2 cloak (worn)
 N - a +0 cloak
 P - a +0 pair of gloves (worn)
 Q - a +0 shield
Jewellery
 r - a ring of poison resistance (left hand)
 w - an uncursed ring of stealth
 A - a cursed ring of teleportation (right hand)
 E - an uncursed ring of ice
Wands
 g - a wand of paralysis (5)
 o - a wand of disintegration (12)
 u - a wand of flame (23)
 C - a wand of iceblast (14)
 D - a wand of scattershot (3)
 I - a wand of random effects (52)
 K - a wand of acid (17)
 M - a wand of polymorph (18)
Scrolls
 e - a scroll of random uselessness
 h - 2 scrolls of fog {unknown}
 i - 6 scrolls of remove curse
 l - 3 scrolls of noise {unknown}
 n - 4 scrolls of amnesia
 q - 6 scrolls of teleportation
 t - a scroll of brand weapon {unknown}
 x - 3 scrolls of fear {unknown}
 y - a scroll of immolation {unknown}
 z - 2 scrolls of identify
 F - 2 scrolls of enchant armour {unknown}
 L - a scroll of enchant weapon {unknown}
Potions
 p - 2 potions of flight
 G - a potion of ambrosia {unknown}
 O - a potion of invisibility {unknown}
Comestibles
 f - 11 rations


   Skills:
 * Level 13.1(12.3) Fighting
 * Level 13.0(12.2) Axes
 + Level 9.9(9.1) Armour
 + Level 9.9(9.2) Shields


You had 10 spell levels left.
You didn't know any spells.
Your spell library was empty.

Dungeon Overview and Level Annotations

Branches:
Dungeon (12/15)            Temple (1/1) D:4            Lair (0/6) D:10
    Orc (0/2) D:10

Altars:
Ashenzari
Cheibriados
Dithmenos
Elyvilon
Fedhas
Gozag
Hepliaklqana
Kikubaaqudgha
Makhleb
Nemelex Xobeh
Okawaru
Qazlal
Sif Muna
Trog
Vehumet
Wu Jian
Xom
Yredelemnul
Zin
The Shining One

Shops:
D:5 ?

Annotations:
D:12 Nergalle


Innate Abilities, Weirdness & Mutations

You reflexively headbutt those who attack you in melee.
You have a pair of horns on your head.
You have very sharp teeth.
You are dopey. (Int -2)
You are somewhat resistant to further mutation.


Message History

You hit the eye of draining.
Your headbutt misses the eye of draining.
The eye of draining is almost dead.
You slice the eye of draining!!
You kill the eye of draining!
Trog accepts your kill.
You are suddenly yanked towards a nearby monster!
Your surroundings suddenly seem different.
Found a stone staircase leading up and a stone staircase leading down.
An ugly thing and a wight come into view.
The cyan ugly thing gurgles horribly!
Okay, then. 3 yaks come into view.
The yak bellows! x3
A yak comes into view.
Nergalle the Soulbinder comes into view.
She is wielding a dagger of venom.
Nergalle shouts!
Nergalle gestures at you while chanting.
The bolt of negative energy hits you!
You feel drained.
You die...

.. .#
#.##########.##
#..............
#...............
#...............
#.........YY....
#..o...YY......
#@.......
#....######
###...u.....#
#..........<.
#.#.......##
#.z..........
.....#.......##.
....z......>..#
............#.#


You could see a cyan ugly thing, Nergalle, 4 yaks and a wight.

Vanquished Creatures
  Erica (D:8)
  2 two-headed ogres (D:9)
  Maurice (D:8)
  3 kobold demonologists (D:11)
  4 trolls
  Grinder (D:5)
  3 slime creatures (D:12)
  A hornet (D:11)
  Sigmund (D:2)
  3 hippogriffs
  A vampire (D:10)
  3 wyverns
  4 yaks (D:9)
  3 hungry ghosts
  A water moccasin (D:8)
  A soldier ant (D:10)
  2 hell hounds (D:10)
  2 ice beasts
  5 orc warriors
  5 sky beasts
  6 ogres
  3 phantoms
  2 eyes of draining
  A black bear (D:11)
  5 centaurs
  A big kobold (D:11)
  6 bullfrogs
  4 scorpions
  12 killer bees
  An electric eel (D:9)
  10 howler monkeys
  A centaur zombie (D:10)
  3 crimson imps
  2 quasits
  5 hounds
  5 jellies
  9 orc wizards
  6 orc priests
  A gnoll shaman (D:4)
  An iguana (D:9)
  7 worker ants
  3 hound skeletons
  A howler monkey zombie (D:11)
  A worker ant zombie (D:7)
  5 gnolls (D:4)
  6 adders
  A shadow imp (D:5)
  6 oozes
  4 adder zombies
  2 adder skeletons
  2 worms
  A dart slug (D:3)
  A leopard gecko (D:10)
  32 orcs
  7 giant cockroaches
  6 goblins
  11 hobgoblins
  15 jackals
  5 quokkas
  A ball python (D:3)
  7 bats
  8 frilled lizards
  9 kobolds
  3 rats
275 creatures vanquished.

Vanquished Creatures (others)
  An orc wizard (D:4)
1 creature vanquished.

Grand Total: 276 creatures vanquished

Notes
Turn   | Place    | Note
-------+----------+-------------------------------------------
     0 | D:1      | Kuinu the Minotaur Fighter began the quest for the Orb.
     0 | D:1      | Reached XP level 1. HP: 19/19 MP: 0/0
   228 | D:1      | Reached XP level 2. HP: 27/27 MP: 1/1
  1069 | D:2      | Reached XP level 3. HP: 26/33 MP: 2/2
  1118 | D:2      | Reached XP level 4. HP: 30/41 MP: 3/3
  1324 | D:2      | Noticed Sigmund
  1332 | D:2      | Killed Sigmund
  1332 | D:2      | Reached skill level 5 in Fighting
  1332 | D:2      | Reached XP level 5. HP: 39/48 MP: 4/4
  1655 | D:3      | Reached XP level 6. HP: 53/56 MP: 5/5
  1931 | D:3      | Reached skill level 5 in Axes
  2155 | D:3      | Found a blossoming altar of Fedhas.
  2354 | D:4      | Found a staircase to the Ecumenical Temple.
  2373 | Temple   | Entered the Ecumenical Temple
  2385 | Temple   | Became a worshipper of Trog the Wrathful
  2418 | D:4      | Found a snail-covered altar of Cheibriados.
  2427 | D:4      | Reached skill level 5 in Armour
  2427 | D:4      | Reached skill level 5 in Shields
  2609 | D:4      | Reached XP level 7. HP: 60/64 MP: 6/6
  2860 | D:4      | Found a deep blue altar of Sif Muna.
  3075 | D:5      | Entered Level 5 of the Dungeon
  3075 | D:5      | Found Ceagekhiz's Magic Scroll Shoppe.
  3079 | D:5      | Bought a scroll of teleportation for 33 gold pieces
  3079 | D:5      | Bought a scroll of identify for 22 gold pieces
  3079 | D:5      | Bought a scroll of remove curse for 33 gold pieces
  3117 | D:5      | Noticed Grinder
  3122 | D:5      | Paralysed by Grinder for 4 turns
  3132 | D:5      | Killed Grinder
  3215 | D:5      | Found an iron altar of Okawaru.
  3385 | D:5      | Reached XP level 8. HP: 73/73 MP: 7/7
  3669 | D:6      | Found a shattered altar of Ashenzari.
  3722 | D:6      | Reached * piety under Trog
  3994 | D:6      | Found a burning altar of Makhleb.
  3995 | D:6      | Found a shimmering altar of Xom.
  4210 | D:6      | Found a basalt altar of Yredelemnul.
  4211 | D:6      | Found a white marble altar of Elyvilon.
  4733 | D:7      | Reached XP level 9. HP: 76/82 MP: 8/8
  4836 | D:7      | Reached ** piety under Trog
  5418 | D:8      | Noticed Erica
  5462 | D:8      | Gained mutation: You are dopey. (Int -2) [potion of mutation]
  5462 | D:8      | Gained mutation: You are somewhat resistant to further mutation. [potion of mutation]
  5462 | D:8      | Gained mutation: You have very sharp teeth. [potion of mutation]
  5494 | D:8      | Killed Erica
  5494 | D:8      | Reached skill level 10 in Fighting
  5494 | D:8      | Reached skill level 10 in Axes
  5634 | D:8      | Noticed Maurice
  5643 | D:8      | Killed Maurice
  5643 | D:8      | Reached XP level 10. HP: 87/94 MP: 9/9
  5850 | D:9      | Noticed a two-headed ogre
  5867 | D:9      | Killed a two-headed ogre
  6174 | D:9      | Reached *** piety under Trog
  6257 | D:9      | Noticed a two-headed ogre
  6266 | D:9      | Killed a two-headed ogre
  7093 | D:9      | Got a smoking long sword
  7094 | D:9      | Identified the +4 long sword of Fortitude {drain, Int+4 Dex+6} (You found it on level 9 of the Dungeon)
  7152 | D:9      | Found a hazy altar of Hepliaklqana.
  7380 | D:9      | Found a shadowy altar of Dithmenos.
  7430 | D:10     | Entered Level 10 of the Dungeon
  7433 | D:10     | Found a burning altar of Makhleb.
  7482 | D:10     | Reached XP level 11. HP: 86/104 MP: 10/10
  8061 | D:10     | Found a staircase to the Lair.
  8077 | D:10     | Reached **** piety under Trog
  8426 | D:10     | Found a staircase to the Orcish Mines.
 10553 | D:12     | Noticed a white ugly thing
 10628 | D:12     | Noticed a cyan ugly thing
 10632 | D:12     | Noticed Nergalle
 10632 | D:12     | Killed from afar by Nergalle

Vault maps used:
D:1:      dpeg_arrival_pits
D:2:      minmay_quantized, uniq_sigmund
D:3:      lemuel_coloured_pillars_altar
D:4:      lemuel_round_altar, minmay_temple_entry_grid, first_ration,
          serial_curves, eino_curves_02, eino_curves_04, led_sif_book
D:5:      serial_shops, shop, kennysheep_okawaru_gauntlet, uniq_grinder
D:6:      grunt_temple_overflow_champion_of_chaos,
          nicolae_overflow_hidden_temple, cheibrodos_ashenzari_chains
D:7:      wad_pebble_path
D:8:      hangedman_little_slice_of_home, uniq_maurice, uniq_erica
D:9:      kennysheep_mini_moat, nicolae_overflow_crystal_walls,
          serial_bayou_ford_a
D:10:     minmay_lair_entry_lava, erik_orc_3, bloody_makhleb
D:12:     nicolae_transmutations_shop, uniq_nergalle, uniq_frances
Temple:   minmay_freezing_vapour_temple

Skill      XL: |  1  2  3  4  5  6  7  8  9 10 11 |
---------------+----------------------------------+-----
Fighting       | 4 5 6 7 8 10 12 13 | 13.1
Axes           | 3 4 5 6 8 10 11 13 | 13.0
Armour         | 4 5 6 8 9 |  9.9
Shields        | 4 5 6 8 9 |  9.9

Action                   |  1- 3 |  4- 6 |  7- 9 | 10-12 || total
-------------------------+-------+-------+-------+-------++-------
Melee: War axe           |    56 |   153 |   272 |   449 ||   930
       Headbutt          |    11 |    25 |    50 |    84 ||   170
       Bite              |       |       |     5 |    57 ||    62
Invok: Trog's Hand       |       |       |       |     2 ||     2
       Brothers in Arms  |       |       |       |     1 ||     1
  Use: Potion            |       |     1 |    16 |     4 ||    21
       Scroll            |       |       |     7 |     3 ||    10
  Eat: Chunk             |     1 |     5 |     5 |    14 ||    25
       Ration            |       |       |     4 |     2 ||     6
Armor: Scale mail        |    23 |    66 |   141 |     1 ||   231
       Plate armour      |       |       |       |   276 ||   276
       Chain mail        |       |       |       |    18 ||    18
       Skin              |       |       |       |     4 ||     4
Dodge: Dodged            |    17 |    59 |    82 |   137 ||   295
Block: Shield            |    32 |    80 |   123 |   280 ||   515

Table legend:
 A = Spawn XP
 B = Non-spawn XP
 C = Spawn XP percentage of total XP
 D = Spawn monster count
 E = Non-spawn monster count
 F = Spawn count percentage of total count
 G = Total turns spent on level
                    A         B        C        D         E        F      G
               +---------+---------+-------+---------+---------+-------+---------
         Total |       0 |   18671 |   0.0 |       0 |     275 |   0.0 | 10632
               +---------+---------+-------+---------+---------+-------+---------
           D:1 |       0 |      21 |   0.0 |       0 |      14 |   0.0 |   941
           D:2 |       0 |     348 |   0.0 |       0 |      30 |   0.0 |   709
           D:3 |       0 |     151 |   0.0 |       0 |      34 |   0.0 |   625
           D:4 |       0 |     466 |   0.0 |       0 |      19 |   0.0 |   782
           D:5 |       0 |     503 |   0.0 |       0 |       7 |   0.0 |   589
           D:6 |       0 |     941 |   0.0 |       0 |      11 |   0.0 |   939
           D:7 |       0 |    1198 |   0.0 |       0 |      29 |   0.0 |   756
           D:8 |       0 |    2433 |   0.0 |       0 |      25 |   0.0 |   415
           D:9 |       0 |    4213 |   0.0 |       0 |      26 |   0.0 |  1656
          D:10 |       0 |    3688 |   0.0 |       0 |      49 |   0.0 |  1306
          D:11 |       0 |    3271 |   0.0 |       0 |      23 |   0.0 |  1817
          D:12 |       0 |    1438 |   0.0 |       0 |       8 |   0.0 |    79
               +---------+---------+-------+---------+---------+-------+---------
